General information
- name: BNet
- type: Ladder team game (AT/RT)
- host: Battle.net
- saver: THETRAITOR
map: DragonFalls
- players: 8
- length: 04:37
- speed: Fast
- version: 1.27 W3XP
- replay type: Public
» download(28 KB)
Players
team 1 (winner)

»
Mingan. (
purple | 76 APM | 352 actions | 04:37)
2 Blademaster
1 Wind Walk
1 Critical Strike
» actions
| Assign group hotkey | 57 | |
| Build / train | 17 | |
| Enter build submenu | 6 | |
| Enter hero's abilities submenu | 2 | |
| Right click | 156 | |
| Select / deselect | 39 | |
| Select group hotkey | 65 | |
| Use ability | 10 | |
352 total
» units
» buildings
| Altar of Storms | 1 | |
| Orc Burrow | 3 | |
| Voodoo Lounge | 1 | |
| Barracks | 1 | |
| Stronghold | 1 | |
7 total
» build order
00:12 Altar of Storms
00:20 Orc Burrow
01:12 Voodoo Lounge
01:22 Barracks
01:51 Orc Burrow
03:02 Stronghold
03:35 Orc Burrow
» items
| Healing Salve | 1 | |
| Lesser Clarity Potion | 2 | |
3 total
BeHonestBabe (
red | 55 APM | 256 actions | 04:37)
1 Archmage
1 Summon Water Elemental
» actions
| Build / train | 23 | |
| Enter build submenu | 9 | |
| Enter hero's abilities submenu | 1 | |
| Remove unit from queue | 1 | |
| Right click | 148 | |
| Select / deselect | 60 | |
| Use ability | 14 | |
256 total
» units
» buildings
| Altar of Kings | 1 | |
| Farm | 4 | |
| Barracks | 1 | |
| Scout Tower | 2 | |
| Arcane Tower | 1 | |
| Lumber Mill | 1 | |
10 total
» build order
00:07 Altar of Kings
00:23 Farm
00:39 Barracks
00:58 Farm
01:30 Scout Tower
01:43 Farm
02:09 Arcane Tower
02:37 Farm
02:47 Lumber Mill
03:19 Scout Tower
Ultimatium (
pink | 40 APM | 184 actions | 04:37)
1 Keeper of the Grove
1 Force of Nature
» actions
| Assign group hotkey | 2 | |
| Basic commands | 3 | |
| Build / train | 49 | |
| ESC pressed | 2 | |
| Enter build submenu | 8 | |
| Enter hero's abilities submenu | 1 | |
| Right click | 38 | |
| Select / deselect | 64 | |
| Select group hotkey | 5 | |
| Use ability | 12 | |
184 total
» units
» buildings
| Ancient of War | 1 | |
| Moon Well | 2 | |
| Altar of Elders | 1 | |
| Ancient of Wonders | 1 | |
| Tree of Ages | 4 | |
| Tree of Life | 2 | |
11 total
» build order
00:24 Ancient of War
00:39 Moon Well
00:44 Altar of Elders
01:30 Moon Well
03:05 Ancient of Wonders
03:11 Tree of Ages
03:11 Tree of Ages
03:11 Tree of Ages
04:11 Tree of Life
04:15 Tree of Life

»
Guana (
orange | 52 APM | 239 actions | 04:37)
1 Archmage
1 Summon Water Elemental
» actions
| Assign group hotkey | 4 | |
| Build / train | 15 | |
| Enter build submenu | 11 | |
| Enter hero's abilities submenu | 1 | |
| Right click | 68 | |
| Select / deselect | 82 | |
| Select group hotkey | 48 | |
| Use ability | 10 | |
239 total
» units
» buildings
| Farm | 6 | |
| Blacksmith | 1 | |
| Barracks | 1 | |
| Lumber Mill | 1 | |
| Altar of Kings | 1 | |
| Keep | 1 | |
11 total
» build order
00:07 Farm
00:37 Blacksmith
00:52 Barracks
01:05 Farm
01:48 Farm
01:59 Lumber Mill
02:19 Altar of Kings
02:31 Farm
03:14 Farm
03:44 Keep
03:54 Farm
team 2 (loser)
Herbilla (
green | 24 APM | 97 actions | 04:04)
» actions
| Basic commands | 10 | |
| Build / train | 12 | |
| Enter build submenu | 8 | |
| Remove unit from queue | 1 | |
| Right click | 23 | |
| Select / deselect | 37 | |
| Use ability | 6 | |
97 total
» units
| Acolyte | 2 | |
| Ghoul | 1 | |
| Crypt Fiend | 3 | |
6 total
» upgrades
| Creature Attack | 1 | |
| Creature Carapace | 1 | |
2 total
» buildings
| Crypt | 1 | |
| Graveyard | 1 | |
| Ziggurat | 2 | |
| Tomb of Relics | 1 | |
| Nerubian Tower | 2 | |
| Altar of Darkness | 1 | |
8 total
» build order
00:06 Crypt
00:11 Graveyard
00:40 Ziggurat
00:54 Ziggurat
01:20 Tomb of Relics
01:32 Nerubian Tower
01:33 Nerubian Tower
01:56 Altar of Darkness

»
pWin (
blue | 81 APM | 335 actions | 04:08)
1 Death Knight
1 Death Coil
» actions
| Assign group hotkey | 3 | |
| Basic commands | 1 | |
| Build / train | 15 | |
| ESC pressed | 2 | |
| Enter build submenu | 11 | |
| Enter hero's abilities submenu | 1 | |
| Right click | 205 | |
| Select / deselect | 85 | |
| Use ability | 12 | |
335 total
» units
» buildings
| Altar of Darkness | 1 | |
| Ziggurat | 3 | |
| Crypt | 1 | |
| Tomb of Relics | 1 | |
| Graveyard | 1 | |
| Halls of the Dead | 5 | |
12 total
» build order
00:22 Altar of Darkness
00:25 Ziggurat
01:17 Crypt
01:37 Ziggurat
02:15 Tomb of Relics
02:54 Graveyard
03:23 Halls of the Dead
03:23 Halls of the Dead
03:23 Halls of the Dead
03:44 Ziggurat
THETRAITOR (
yellow | 46 APM | 213 actions | 04:37)
1 Blood Mage
1 Flame Strike
» actions
| Assign group hotkey | 9 | |
| Basic commands | 5 | |
| Build / train | 22 | |
| Enter build submenu | 9 | |
| Enter hero's abilities submenu | 1 | |
| Right click | 53 | |
| Select / deselect | 88 | |
| Select group hotkey | 13 | |
| Use ability | 13 | |
213 total
» units
» buildings
| Altar of Kings | 1 | |
| Barracks | 1 | |
| Farm | 4 | |
| Scout Tower | 1 | |
| Arcane Tower | 1 | |
| Lumber Mill | 1 | |
| Arcane Vault | 1 | |
| Keep | 2 | |
12 total
» build order
00:37 Altar of Kings
00:38 Barracks
00:50 Farm
00:56 Farm
01:05 Farm
01:36 Farm
02:02 Scout Tower
02:34 Arcane Tower
03:15 Lumber Mill
03:35 Arcane Vault
04:04 Keep
04:04 Keep
Ku.rt_Knispel (
teal | 36 APM | 142 actions | 03:58)
1 Pit Lord
1 Rain of Fire
» actions
| Build / train | 12 | |
| Enter build submenu | 7 | |
| Enter hero's abilities submenu | 1 | |
| Right click | 97 | |
| Select / deselect | 18 | |
| Use ability | 7 | |
142 total
» units
» buildings
| Crypt | 2 | |
| Ziggurat | 2 | |
| Tomb of Relics | 1 | |
| Altar of Darkness | 1 | |
| Nerubian Tower | 4 | |
| Graveyard | 1 | |
11 total
» build order
00:45 Crypt
00:56 Ziggurat
01:02 Crypt
01:21 Ziggurat
01:36 Tomb of Relics
02:27 Altar of Darkness
02:40 Nerubian Tower
02:45 Nerubian Tower
02:45 Nerubian Tower
02:46 Nerubian Tower
03:36 Graveyard
Chat log
(00:09 / All) BeHonestBabe: LEAVE
(00:31 / All) pWin: okay leaving now....
(00:35 / All) Herbilla: :(
(00:50 / Allies) Herbilla: pWn has left the game
(00:59 / Allies) pWin: lol
(01:00 / Allies) pWin: all chat
(01:01 / Allies) pWin: lol
(01:07 / All) Herbilla: pWin has left the game
(01:14 / All) Herbilla: cant believe him....
(01:44 / Allies) Herbilla: pWin came back to the game.
(02:55 / Allies) Ku.rt_Knispel: bm
(03:48 / Allies) THETRAITOR: wtf
(03:51 / Allies) Herbilla: sorry
(04:02 / Allies) pWin: ?
(04:08 / All) Mingan.: LOL
(04:12 / All) THETRAITOR: wtf....
(04:14 / All) THETRAITOR: lol
(04:20 / All) THETRAITOR: this dumbass green almost fucked my creep up too
(04:31 / All) THETRAITOR: brought 2 fiends and aggroed creeps
(04:35 / All) THETRAITOR: before my fucking militia was there